 Dungeon Crawl Stone Soup version 0.30-a0-365-ge7f957f1db (webtiles) character file.

Game seed: 10655779500088816202

2 mopl the Sneak (level 1, -3/18 HPs)
             Began as a Barachi Delver on Nov 16, 2022.
             Killed from afar by an orc wizard (8 damage)
             ... with a puff of flame
             ... on level 5 of the Dungeon.
             The game lasted 00:00:16 (206 turns).

mopl the Sneak (Barachi Delver)                      Turns: 206, Time: 00:00:16

Health: -3/18      AC:  3    Str: 13    XL:     1   Next: 30%
Magic:  1/1        EV: 12    Int: 10    God:
Gold:   0          SH:  0    Dex: 13    Spells: 0/0 levels left

rFire   . . .      SeeInvis .    a - +0 falchion
rCold   . . .      Faith    .    (no shield)
rNeg    . . .      Spirit   .    b - +0 leather armour
rPois   .          Reflect  .    (no helmet)
rElec   .          Harm     .    (no cloak)
rCorr   .          Rampage  .    (no gloves)
Will    .....                    (no boots)
Stlth   ++........               (no amulet)
HPRegen 0.23/turn                (no ring)
MPRegen 0.07/turn                (no ring)

@: slow
A: amphibious, slowness 1, strong legs 1, +LOS
a: Hop


You were on level 5 of the Dungeon.
You visited 1 branch of the dungeon, and saw 1 of its levels.

Inventory:

Hand Weapons
 a - a +0 falchion (weapon)
Armour
 b - a +0 leather armour (worn)
Wands
 g - a wand of digging (3)
Scrolls
 c - a scroll of fog
 d - a scroll of magic mapping
 e - a scroll of fear
Potions
 f - a potion of haste


   Skills:
 - Level 3.6 Fighting
 + Level 2.7 Long Blades
 - Level 2.1 Dodging
 - Level 4.5 Stealth


You couldn't memorise any spells.
You didn't know any spells.
Your spell library was empty.

Dungeon Overview and Level Annotations

Branches:
Dungeon (5/15)
 Temple: D:4-7

Altars:

Annotations:
D:5 2 transporters, MCDelver's ghost, novice MiGl


Innate Abilities, Weirdness & Mutations

You are amphibious.
You cover ground slowly.
You can hop short distances.
You have an extended range of vision and can be seen from far away.


Message History

You hit something. Something hits you but does no damage.
You hit something.
You hear some strange, mumbled words.
You are confused.
You are too confused!
You are too confused!
You are too confused!
You are too confused!
You are too confused!
You are too confused!
You are too confused!
You are too confused!
You are too confused!
You are too confused!
You are too confused!
You are too confused!
You are too confused!
You are too confused!
You are too confused!
You are too confused!
You are too confused!
You are too confused!
You are too confused!
You are too confused!
You are too confused!
You are too confused!
You are too confused!
You closely miss something. Something hits you.
You bump into the rock wall.
Something hits you but does no damage.
A magic dart appears from out of thin air!
The magic dart hits you.
A magic dart appears from out of thin air!
The magic dart hits you!
* * * LOW HITPOINT WARNING * * *
You're too confused to move!
You feel less confused.
You hear some strange, mumbled words.
A puff of flame appears from out of thin air!
The puff of flame hits you!
You die...

.###.####.##..
#.# ####
..........##.#
##. ....
.#####....##.#
... ####
....#....##.#
### #
#.#.....#.## ..
#.#........###.#
#.########.....#
#.... .o ##.####
#######. ##@#
......o.##{.#
#oo.##
..)......###
.#.#.#...#
.......#.#
.#.#.#.#.#
.......#.#
.#.#.# #.#


You could see 2 orcs.

Vanquished Creatures
  An orc (D:5)
1 creature vanquished.

Notes
Turn   | Place    | Note
-------+----------+-------------------------------------------
     0 | D:5      | mopl the Barachi Delver began the quest for the Orb.
     0 | D:5      | Reached XP level 1. HP: 18/18 MP: 1/1
   152 | D:5      | Found a transporter.
   152 | D:5      | Noticed a hound
   154 | D:5      | Noticed a hound
   162 | D:5      | Noticed an iguana
   162 | D:5      | Noticed MCDelver's ghost (novice MiGl)
   170 | D:5      | Found a transporter.
   192 | D:5      | Noticed an orc wizard
   206 | D:5      | Killed from afar by an orc wizard

Illustrated notes

Levels and vault maps discovered:
D:5:      layout_loops_ring, gammafunk_ghost_arena, serial_co_window_serial,
          co_window_paths_a, co_window_of_opportunity_a, co_window_corner_a,
          co_window_paths_a, co_window_of_opportunity_a, co_window_broadway_a,
          co_window_corner_ca, co_window_unsneaky_path_d, co_window_corner_b,
          co_window_sun, glass_columns_a, glass_columns_a, glass_columns_b,
          glass_columns_b, glass_columns_a

Action                   || total
-------------------------++-------
Melee: Falchion          ||    10
Armor: Leather armour    ||     5
Dodge: Dodged            ||     2

Table legend: (Time is in decaauts)
 A = Elapsed time spent in this place.
 B = Non-inter-level travel time spent in this place.
 C = Inter-level travel time spent in this place.
 D = Time resting spent in this place.
 E = Time spent auto-exploring this place.
 F = Levels seen in this place.
 G = Mean time per level.
                   A        B        C        D        E       F      G
               +--------+--------+--------+--------+--------+-----+--------+
         Total |    246 |    246 |      0 |      0 |    218 |   1 |  246.0 |
       Dungeon |    246 |    246 |      0 |      0 |    218 |   1 |  246.0 |
               +--------+--------+--------+--------+--------+-----+--------+

Top non-repeatable levels by time:
     D:5: 246 daAuts
